 Dungeon Sprint DCSS version 0.17.0-22-g5edae84 (webtiles) character file.

432 hexophile the Grappler (level 6, 0/67 HPs)
             Began as a Troll Monk on Nov 12, 2015.
             Was the Champion of Cheibriados.
             Slain by an orc knight
             ... wielding a +0 war axe
              (25 damage)
             ... in the Dungeon (Sprint VII: "The Pits").
             The game lasted 00:01:50 (271 turns).

hexophile the Grappler (Troll Monk)                  Turns: 271, Time: 00:01:50

Health: 0/67       AC:  5    Str: 35    XL:     6   Next: 67%
Magic:  6/9        EV: 12    Int: 23    God:    Cheibriados [******]
Gold:   0          SH:  0    Dex: 27    Spells: 0 memorised, 5 levels left

rFire  . . .     SeeInvis .       - Unarmed
rCold  . . .     Clarity  .     a - +0 robe
rNeg   . . .     SustAt   .     (no shield)
rPois  .         Gourm    +     (helmet restricted)
rElec  .         Spirit   .     (no cloak)
rCorr  .         Warding  .     (gloves unavailable)
rMut   .         NoTele   +     (boots unavailable)
MR     .....                    (no amulet)
Stlth  ++........               (no ring)
                                (no ring)

@: very slow, not resistant to hostile enchantments, unstealthy
A: unfitting armour, claws 3, fast metabolism 3, gourmand, regeneration 2,
shaggy fur 1, tough skin 2
a: Bend Time, Temporal Distortion, Slouch, Step From Time, Renounce Religion


You were in the Dungeon.
You worshipped Cheibriados.
Cheibriados was exalted by your worship.
You were completely stuffed.

You visited 1 branch


Innate Abilities, Weirdness & Mutations

You are too large for most types of armour.
You have claws for hands.
Your metabolism is lightning-fast.
You like to eat raw meat.
You heal very quickly.
You are covered in fur (AC +1).
You have very tough skin (AC +2).

Inventory:

Armour
 a - a +0 robe (worn)
Scrolls
 h - a scroll of blinking
 k - 3 scrolls of remove curse
 l - a scroll of summoning
Potions
 c - 6 potions of curing
 d - 5 potions of heal wounds
 e - a potion of haste
 f - 4 potions of magic
 g - 3 potions of berserk rage
 j - 2 potions of invisibility
 n - 2 potions of ambrosia {unknown}
Comestibles
 b - 40 fruits
 i - 7 meat rations
 m - 11 chunks of flesh
 r - 9 bread rations


You had 5 spell levels left.
You didn't know any spells.


   Skills:
 * Level 5.8 Fighting
 - Level 2.4 Dodging
 - Level 1.1 Stealth
 * Level 11.7 Unarmed Combat
 * Level 5.6 Invocations

Dungeon Overview and Level Annotations

Branches:
Dungeon (1/1)

Altars:
Ashenzari
Cheibriados
Dithmenos
Elyvilon
Fedhas
Kikubaaqudgha
Makhleb
Nemelex Xobeh
Okawaru
Ru
Sif Muna
Trog
Vehumet
Xom
Yredelemnul
Zin
The Shining One
Beogh
Jiyva
Lugonu

Vault maps used:
D:        pitsprint
You       could see an orc knight.


Message History

The helpless kobold fails to defend itself.
You scratch the kobold.
The kobold is moderately wounded.
The kobold hits you with a short sword.
You lost 4 HP.
You have now: 63/67 HP.
You mangle the kobold!!
You kill the kobold!
Cheibriados thoroughly appreciates the change of pace.
Things that are here:
a short sword; 3 stones; a kobold corpse Unknown command.
You open the door.
A bat comes into view.
There is an open door here.
The helpless bat fails to defend itself.
You eviscerate the bat!!!
You kill the bat!
Cheibriados thoroughly appreciates the change of pace.
You open the door.
An orc knight comes into view. It is wielding a war axe.
The orc knight shouts!
The orc knight hits you with a war axe! The orc knight closely misses you.
There is an open door, spattered with blood here. !MASSIVE DAMAGE!
YOU LOST 17 HP!
You have now: 50/67 HP.
You scratch the orc knight. You claw the orc knight!!
The orc knight is moderately wounded.
You scratch the orc knight.
The orc knight is moderately wounded.
The orc knight hits you with a war axe!! !MASSIVE DAMAGE!
YOU LOST 20 HP!
You have now: 30/67 HP.
The flow of time bends around you.
Cheibriados rebukes the orc knight.
The orc knight seems to slow down.
You feel slightly less full.
Unknown command.
Unknown command.
You claw the orc knight! You claw the orc knight.
The orc knight is heavily wounded.
The orc knight hits you with a war axe!
* * * LOW HITPOINT WARNING * * *
You lost 6 HP.
You have now: 24/67 HP.
Unknown command.
You scratch the orc knight.
The orc knight is heavily wounded.
Unknown command.
You scratch the orc knight.
The orc knight is severely wounded.
The orc knight hits you with a war axe!!
You die...

Action                   |  1- 3 |  4- 6 || total
-------------------------+-------+-------++-------
Melee: Unarmed           |    23 |    28 ||    51
Invok: Bend Time         |       |     2 ||     2
  Use: Potion            |     1 |       ||     1
 Stab: Sleeping          |       |     2 ||     2
  Eat: Chunk             |     4 |     3 ||     7

Notes
Turn   | Place    | Note
--------------------------------------------------------------
     0 | D        | hexophile the Troll Monk began the quest for the Orb.
     0 | D        | Reached XP level 1. HP: 22/22 MP: 0/0
    20 | D        | Found a sacrificial altar of Ru.
    20 | D        | Found a basalt altar of Yredelemnul.
    20 | D        | Found a shadowy altar of Dithmenos.
    20 | D        | Found a deep blue altar of Sif Muna.
    20 | D        | Found a burning altar of Makhleb.
    20 | D        | Found a shimmering altar of Xom.
    20 | D        | Found an ancient bone altar of Kikubaaqudgha.
    20 | D        | Found a sparkling altar of Nemelex Xobeh.
    22 | D        | Found a bloodstained altar of Trog.
    22 | D        | Found a corrupted altar of Lugonu.
    22 | D        | Found a viscous altar of Jiyva.
    31 | D        | Found a glowing golden altar of the Shining One.
    31 | D        | Found a glowing silver altar of Zin.
    32 | D        | Found a shattered altar of Ashenzari.
    32 | D        | Found a white marble altar of Elyvilon.
    32 | D        | Found a snail-covered altar of Cheibriados.
    32 | D        | Found a blossoming altar of Fedhas.
    32 | D        | Found a radiant altar of Vehumet.
    32 | D        | Found a roughly hewn altar of Beogh.
    32 | D        | Found an iron altar of Okawaru.
    43 | D        | Became a worshipper of Cheibriados the Contemplative
    43 | D        | Reached * piety under Cheibriados
    43 | D        | Reached ** piety under Cheibriados
    66 | D        | Reached *** piety under Cheibriados
    66 | D        | Reached skill level 5 in Unarmed Combat
   105 | D        | Reached **** piety under Cheibriados
   106 | D        | Noticed a wolf
   112 | D        | Reached skill level 6 in Unarmed Combat
   112 | D        | Reached XP level 2. HP: 27/29 MP: 1/1
   114 | D        | Reached ***** piety under Cheibriados
   119 | D        | HP: 1/29 [wolf (7)]
   121 | D        | Killed a wolf
   121 | D        | Reached skill level 10 in Unarmed Combat
   121 | D        | Reached XP level 3. HP: 16/36 MP: 2/2
   121 | D        | Reached XP level 4. HP: 19/44 MP: 3/3
   181 | D        | Noticed Grinder
   182 | D        | Noticed an orc warrior
   200 | D        | Killed an orc warrior
   200 | D        | Reached skill level 4 in Fighting
   200 | D        | Reached skill level 3 in Invocations
   200 | D        | Reached XP level 5. HP: 49/54 MP: 3/6
   209 | D        | Reached ****** piety under Cheibriados
   216 | D        | Paralysed by Grinder for 7 turns
   224 | D        | Killed Grinder
   224 | D        | Reached skill level 5 in Fighting
   224 | D        | Reached skill level 11 in Unarmed Combat
   224 | D        | Reached skill level 5 in Invocations
   224 | D        | Reached XP level 6. HP: 36/67 MP: 2/9
   264 | D        | Noticed an orc knight
   271 | D        | Slain by an orc knight

Table legend:
 A = Turns spent in this place as a percentage of turns spent in the entire game.
 B = Non-inter-level travel turns spent in this place as a percentage of non-inter-level travel turns spent in the entire game.
 C = Inter-level travel turns spent in this place as a percentage of turns spent in this place.
 D = Turns resting spent in this place as a percentage of non-inter-level travel turns spent in this place.
 E = Turns spent auto-exploring this place as a percentage of non-inter-level travel turns spent in this place.
 F = Non-inter-level travel turns spent in this place divided by the number of levels of this place that you've seen.
                   A       B       C       D       E      F
               +-------+-------+-------+-------+-------+----------------------
         Total | 100.0 | 100.0 |   0.0 |   0.0 |   0.0 | 272.0
       Dungeon | 100.0 | 100.0 |   0.0 |   0.0 |   0.0 | 272.0
               +-------+-------+-------+-------+-------+----------------------

Table legend:
 A = Kills in this place as a percentage of kills in entire the game.
 B = Kills by you in this place as a percentage of kills by you in the entire game.
 C = Kills by friends in this place as a percentage of kills by friends in the entire game.
 D = Other kills in this place as a percentage of other kills in the entire game.
 E = Experience gained in this place as a percentage of experience gained in the entire game.
 F = Experience gained in this place divided by the number of levels of this place that you have seen.
                   A       B       C       D       E      F
               +-------+-------+-------+-------+-------+----------------------
         Total | 100.0 | 100.0 |  -nan |  -nan | 100.0 | 618.0
       Dungeon | 100.0 | 100.0 |  -nan |  -nan | 100.0 | 618.0
               +-------+-------+-------+-------+-------+----------------------

Vanquished Creatures
  Grinder (D)
  A wolf (D)
  An orc warrior (D)
  2 ufetubi (D)
  4 orcs (D)
  A ball python (D)
  3 bats (D)
  A bat skeleton (D)
  A hobgoblin (D)
  A quokka (D)
  A giant newt (D)
  3 kobolds (D)
  A rat (D)
21 creatures vanquished.
